 Dungeon Crawl Stone Soup version 0.28-a0-819-g6ef7baa362 (webtiles) character file.

Game seed: 16131876241312722456

34 lawman0 the Magician (level 3, 24/25 HPs)
             Began as a Djinni Hedge Wizard on Nov 8, 2021.
             Was a Follower of Wu Jian.
             Quit the game on level 2 of the Dungeon.
             The game lasted 00:01:32 (1858 turns).

lawman0 the Magician (Djinni Hedge Wizard)          Turns: 1858, Time: 00:01:32

Health: 24/25      AC:  2    Str:  9    XL:     3   Next: 50%
Gold:   25         EV: 12    Int: 16    God:    Wu Jian [*.....] SH:  0 Dex: 12

rFire   + + .      SeeInvis .   a - +0 dagger
rCold   x . .      Faith    .   (no shield)
rNeg    . . .      Spirit   .   b - +0 robe
rPois   ∞          Reflect  .   c - +0 hat
rElec   .          Harm     .   (no cloak)
rCorr   .          Rampage  .   (no gloves)
Will    .....                   (boots unavailable)
Stlth   ++........              (no amulet)
HPRegen 0.08/turn               (no ring)
MPRegen 0.00/turn               (no ring)

@: flying
A: sickness immunity, fire resistance 2, cold vulnerability 1, float, innate
caster, hp casting, extra vitality 1
a: Renounce Religion


You were on level 2 of the Dungeon.
You worshipped Wu Jian.
Wu Jian was aware of your devotion.
You visited 1 branch of the dungeon, and saw 2 of its levels.

You collected 25 gold pieces.

Inventory:

Hand Weapons
 a - a +0 dagger (weapon)
Armour
 b - a +0 robe (worn)
 c - a +0 hat (worn)
Scrolls
 f - a scroll of enchant weapon {unknown}
 i - a scroll of fog {unknown}
 j - a scroll of noise {unknown}
Potions
 d - a potion of resistance {unknown}
 e - 2 potions of heal wounds {unknown}
 g - 2 potions of haste {unknown}
 h - a potion of magic {unknown}


   Skills:
 + Level 2.3 Dodging
 + Level 1.6 Stealth
 * Level 3.3 Spellcasting


You couldn't memorise any spells.
You knew the following spells:

 Your Spells              Type           Power      Damage    Failure   Level
a - Magic Dart            Conj           52%        1d5       4%          1
b - Blink                 Tloc           26%        N/A       7%          2
c - Call Imp              Summ           13%        N/A       7%          2
d - Slow                  Hex            52%        N/A       4%          1
e - Conjure Flame         Conj/Fire      13%        6-21      14%         3
f - Mephitic Cloud        Conj/Pois/Air  13%        N/A       14%         3
g - Shock                 Conj/Air       52%        1d6       4%          1
Your spell library was empty.

Dungeon Overview and Level Annotations

Branches:
Dungeon (2/15)

Altars:
Wu Jian


Innate Abilities, Weirdness & Mutations

You are immune to sickness and miasma.
You are immune to poison.
Your flesh is very heat resistant. (rF++)
You are vulnerable to cold. (rC-)
You float through the air rather than walking.
You learn spells naturally, not from books.
Your magical power is your life essence.
You have superior vitality. (+4 HP)


Message History

There is a stone staircase leading down here.
Key pressed, stopping explore.
Done exploring.
Done exploring.
There is an open door here.
There is a stone staircase leading down here.
You fly downwards.
There is a stone staircase leading up here.
A kobold comes into view. It is wielding a +0 whip.
Found 12 gold pieces.
Found a faded altar of an unknown god.
A kobold is nearby!
Casting: Magic Dart (safe; 4% risk of failure)
Confirm with . or Enter, or press ? or * to list all spells.
Aiming: Shock (safe; 4% risk of failure)
Press: ? - help, Shift-Dir - straight line, f - kobold
Aim: a kobold, wielding a +0 whip (asleep, 100% to hit)
The zap hits the kobold.
You kill the kobold!
Unknown command.
Casting: Shock (safe; 4% risk of failure)
Confirm with . or Enter, or press ? or * to list all spells.
Aiming: Shock (safe; 4% risk of failure)
Press: ? - help, Shift-Dir - straight line, f - you That beam is likely to hit you.
Continue anyway?
Okay, then.
Unknown command.
Unknown command.
Unknown command.
Things that are here:
a +0 whip; a kobold corpse You now have 25 gold pieces (gained 12).
There is a faded altar of an unknown god here.
You cannot tell which god this altar belongs to.
Convert to them anyway?
Okay, then.
You cannot tell which god this altar belongs to.
Convert to them anyway?
Wu Jian accepts your prayer! The Council welcomes you!
You can now perform damaging attacks by moving towards foes.
You can now lightly attack monsters by moving around them.
Are you sure you want to abandon this character and quit the game? (Confirm with "yes".)

###########.#
............#
###########.######
#....# #......#
#.##.# #.####.#
..<#.# #.# #.#
...#.# #.####)#
...... #...##.#
...#.... #...##@#
######## #...##.#
#...##.# #...##.#
#...##.# ######.#
#.# #.#


There were no monsters in sight!

Vanquished Creatures
  A dart slug (D:1)
  5 bats (D:1)
  2 endoplasms (D:1)
  A giant cockroach (D:1)
  A goblin (D:1)
  5 hobgoblins (D:1)
  3 kobolds
  2 quokkas (D:1)
  4 ball pythons (D:1)
  2 frilled lizards (D:1)
  2 rats (D:1)
28 creatures vanquished.

Notes
Turn   | Place    | Note
-------+----------+-------------------------------------------
     0 | D:1      | lawman0 the Djinni Hedge Wizard began the quest for the
                  | Orb.
     0 | D:1      | Reached XP level 1. HP: 15/15 MP: 0/0
   357 | D:1      | Reached XP level 2. HP: 19/21 MP: 0/0
   715 | D:1      | Reached skill level 3 in Spellcasting
   857 | D:1      | Reached XP level 3. HP: 8/25 MP: 0/0
   857 | D:1      | Learned a level 1 spell: Shock
  1849 | D:2      | Found a faded altar of an unknown god.
  1857 | D:2      | Prayed at the altar of an unknown god.
  1857 | D:2      | Became a worshipper of the Wu Jian Council
  1857 | D:2      | Reached * piety under Wu Jian
  1858 | D:2      | Quit the game

Illustrated notes

Levels and vault maps discovered:
D:1:      minmay_arrival_jagged, layout_basic
D:2:      layout_basic, ebering_ecumenical_altar_hall

Skill      XL: |  1  2 |
---------------+-------+-----
Spellcasting   | 3 |  3.3
Dodging        | |  2.3
Stealth        | |  1.6

Action                   || total
-------------------------++-------
Melee: Dagger            ||     6
 Cast: Magic Dart        ||    45
       Shock             ||    16
Armor: Robe              ||     2
Dodge: Dodged            ||     7

Table legend: (Time is in decaauts)
 A = Elapsed time spent in this place.
 B = Non-inter-level travel time spent in this place.
 C = Inter-level travel time spent in this place.
 D = Time resting spent in this place.
 E = Time spent auto-exploring this place.
 F = Levels seen in this place.
 G = Mean time per level.
                   A        B        C        D        E       F      G
               +--------+--------+--------+--------+--------+-----+--------+
         Total |   1857 |   1811 |     46 |    364 |   1328 |   2 |  928.5 |
       Dungeon |   1857 |   1811 |     46 |    364 |   1328 |   2 |  928.5 |
               +--------+--------+--------+--------+--------+-----+--------+

Top non-repeatable levels by time:
     D:1: 1803 daAuts
     D:2: 54 daAuts
